 Dungeon Sprint DCSS version 0.22.1-2-g9c5b331 (webtiles) character file.

84 diana the Spear-Bearer (level 4, -3/40 HPs)
             Began as a Merfolk Gladiator on Dec 24, 2018.
             Killed from afar by a wizard (25 damage)
             ... with a crystal spear
             ... in the Dungeon (Sprint III: "The Ten Rune Challenge").
             The game lasted 00:00:56 (456 turns).

diana the Spear-Bearer (Merfolk Gladiator)           Turns: 456, Time: 00:00:56

Health: -3/40      AC:  5    Str: 15    XL:     4   Next: 46%
Magic:  4/4        EV: 16    Int:  7    God:
Gold:   15         SH:  0    Dex: 15    Spells: 3/3 levels left

rFire    . . .     SeeInvis .   a - +0 trident
rCold    . . .     Gourm    .   (no shield)
rNeg     . . .     Faith    .   b - +0 leather armour
rPois    .         Spirit   .   c - +0 helmet
rElec    .         Reflect  .   (no cloak)
rCorr    .         Harm     .   (no gloves)
MR       .....     Clarity  +   (no boots) Stlth +.........NoTele +
                                (no amulet)
HPRegen  0.13/turn              (no ring)
MPRegen  0.09/turn              (no ring)

@: no status effects
A: change form in water, swift swim, stealthy swim, rugged brown scales 1,
clarity
a: no special abilities


You were in the Dungeon.
You were not hungry.

You visited 1 branch You collected 15 gold pieces.

Inventory:

Hand Weapons
 a - a +0 trident (weapon)
Missiles
 d - 3 throwing nets (quivered)
Armour
 b - a +0 leather armour (worn)
 c - a +0 helmet (worn)
Scrolls
 k - a scroll of blinking
 l - 2 scrolls of immolation {unknown}
 m - a scroll of amnesia {unknown}
 n - 6 scrolls of remove curse
Potions
 e - a potion of curing
 h - a potion of haste
 i - 2 potions of magic
 j - a potion of berserk rage
 o - 2 potions of flight {unknown}
 p - 4 potions of mutation
Comestibles
 f - 3 rations


   Skills:
 + Level 5.0 Fighting
 * Level 9.5 Polearms
 - Level 2.0 Throwing
 + Level 6.8 Dodging


You had 3 spell levels left.
You didn't know any spells.
Your spell library was empty.

Dungeon Overview and Level Annotations

Branches:
Dungeon (1/1)

Altars:
Kikubaaqudgha
Sif Muna
Vehumet


Innate Abilities, Weirdness & Mutations

You revert to your normal form in water.
You are very nimble and swift while swimming.
You are very stealthy in the water. (Stealth+)
You are partially covered in rugged brown scales. (AC +1, +3% HP)
You possess an exceptional clarity of mind.


Message History

Aim: a wizard, wielding a dagger and wearing a robe You reach to attack!
You closely miss the wizard.
Attack whom?
Press: ? - help, Dir - move target cursor, f/p - wizard
Aim: a wizard, wielding a dagger and wearing a robe You reach to attack!
You barely miss the wizard.
A kobold demonologist comes into view. It is wielding a dagger.
You puncture the wizard!
The wizard is almost dead.
The wizard barely misses you.
You completely miss the wizard.
The wizard is almost dead.
The wizard gestures at you while chanting.
The bolt of cold misses you.
You barely miss the wizard.
The wizard is almost dead.
The wizard casts a spell at you. The crystal spear hits you!
Ouch! That really hurt!
You die...

.#[..#### ##.#
.#......#####..#
##....÷..#..#..#
.##.##...#..#..###+#+###
.##.###..##'#..#........
####.##..###...'.⌠......
##..##..####...#...####
....##÷.###....#.⌠.#
#..##...##.....#@..#
..##....#......#p###
.###..##.#.....#K: .#
#.. ####....#___ ▓▓ ▓▓▓
▓▓▓▓▓▓▓▓▓▓


You could see a wizard and a kobold demonologist.

Vanquished Creatures
  A water elemental (D)
  A human (D)
  An ooze (D)
  A phantom (D)
  3 rats (D)
7 creatures vanquished.

Vanquished Creatures (others)
  2 draconian scorchers (D)
  6 hellions (D)
  2 yaktaurs (D)
10 creatures vanquished.

Grand Total: 17 creatures vanquished

Notes
Turn   | Place    | Note
-------+----------+-------------------------------------------
     0 | D        | diana the Merfolk Gladiator began the quest for the Orb.
     0 | D        | Reached XP level 1. HP: 16/16 MP: 1/1
    10 | D        | Reached skill level 5 in Polearms
    28 | D        | Reached XP level 2. HP: 24/24 MP: 2/2
    41 | D        | Killed a yaktaur
    53 | D        | Reached skill level 7 in Polearms
    53 | D        | Reached skill level 5 in Dodging
    53 | D        | Reached XP level 3. HP: 6/30 MP: 3/3
    88 | D        | Killed a hellion
    88 | D        | Killed a hellion
   100 | D        | Killed a hellion
   103 | D        | Killed a hellion
   118 | D        | Killed a hellion
   170 | D        | Killed a white draconian scorcher
   184 | D        | Killed a hellion
   220 | D        | Killed a white draconian scorcher
   275 | D        | Killed a yaktaur
   313 | D        | Gained mutation: You possess an exceptional clarity of
                  | mind. [potion of mutation]
   313 | D        | Gained mutation: You are partially covered in rugged brown
                  | scales. (AC +1, +3% HP) [potion of mutation]
   321 | D        | Noticed a water elemental
   323 | D        | HP: 1/30 [water elemental (18)]
   330 | D        | Killed a water elemental
   330 | D        | Reached skill level 5 in Fighting
   330 | D        | Reached skill level 9 in Polearms
   330 | D        | Reached XP level 4. HP: 24/40 MP: 4/4
   451 | D        | Found a radiant altar of Vehumet.
   451 | D        | Found a deep blue altar of Sif Muna.
   451 | D        | Found an ancient bone altar of Kikubaaqudgha.
   451 | D        | Noticed a wizard
   456 | D        | Killed from afar by a wizard

Skill      XL: |  1  2  3 |
---------------+----------+-----
Polearms       | 5 7 9 |  9.5
Fighting       | 3 5 |  5.0
Dodging        | 5 6 |  6.8
Throwing       | |  2.0

Action                   |  1- 3 |  4- 6 || total
-------------------------+-------+-------++-------
Melee: Trident           |    37 |     5 ||    42
  Use: Potion            |     2 |       ||     2
 Stab: Sleeping          |     2 |       ||     2
Dodge: Dodged            |    13 |     2 ||    15
